 Dungeon Crawl Stone Soup version 0.28.0-53-g5a82cb258f (webtiles) character file.

Game seed: 3251681319470594152

3409 cbfl8 the Protected (level 9, -2/81 HPs)
             Began as a Minotaur Berserker on July 11, 2022.
             Was a Priest of Trog.
             Slain by a yak (5 damage)
             ... on level 8 of the Dungeon.
             The game lasted 00:14:48 (7620 turns).

cbfl8 the Protected (Minotaur Berserker)            Turns: 7620, Time: 00:14:49

Health: -2/81      AC: 16    Str: 22    XL:     9   Next: 75%
Magic:  8/8        EV: 10    Int:  4    God:    Trog [***...]
Gold:   474        SH:  0    Dex: 14    Spells: 8/8 levels left

rFire   . . .      SeeInvis .   B - +7 spear "Ponucit" {vorpal, rC+ rCorr}
rCold   + . .      Faith    .   (no shield)
rNeg    . . .      Spirit   .   o - +1 chain mail
rPois   .          Reflect  .   (helmet restricted)
rElec   .          Harm     .   z - +2 cloak
rCorr   +          Rampage  .   (no gloves)
Will    ++...                   (no boots)
Stlth   ..........              (no amulet)
HPRegen 1.23/turn               (no ring)
MPRegen 0.11/turn               (no ring)

@: strong-willed, on berserk cooldown, flying, regenerating, slowed, very slow
A: horns 2, retaliatory headbutt
a: Renounce Religion, Berserk, Trog's Hand


You were on level 8 of the Dungeon.
You worshipped Trog.
Trog was most pleased with you.
You visited 2 branches of the dungeon, and saw 9 of its levels.
You also visited: Ossuary.

You collected 474 gold pieces.

Inventory:

Hand Weapons
 a - a +3 hand axe
 g - a +2 mace of draining
 y - a +2 quarterstaff of chaos
 B - the +7 spear "Ponucit" (weapon) {vorpal, rC+ rCorr}
   (You found it on level 5 of the Dungeon)

   It inflicts extra damage upon your enemies.
   rC:        It protects you from cold.
   rCorr:     It protects you from acid and corrosion.
Missiles
 j - 83 arrows
Armour
 b - a +0 animal skin
 e - a +0 scale mail
 o - a +1 chain mail (worn)
 z - a +2 cloak (worn)
Jewellery
 G - the ring of Izikh {rF+ rCorr MP+9 Int+3}
   (You found it on level 6 of the Dungeon)

   [ring of magical power]

   Int:       It affects your intelligence (+3).
   rF:        It protects you from fire.
   MP:        It affects your magic capacity (+9).
   rCorr:     It protects you from acid and corrosion.
Wands
 i - a wand of paralysis (13)
 l - a wand of iceblast (9)
 x - a wand of flame (36)
 C - a wand of acid (5)
 D - a wand of charming (10)
Scrolls
 c - a scroll of enchant armour
 d - a scroll of enchant weapon
 f - a scroll of amnesia {unknown}
 s - a scroll of vulnerability {unknown}
 u - 3 scrolls of magic mapping
 w - a scroll of teleportation {unknown}
 E - 2 scrolls of immolation
 F - 2 scrolls of noise {unknown}
Potions
 h - a potion of curing
 k - 3 potions of lignification {unknown}
 m - 3 potions of attraction {unknown}
 n - 2 potions of brilliance
 p - 2 potions of heal wounds {unknown}
 q - 2 potions of mutation {unknown}
 r - a potion of might {unknown}
 t - a potion of invisibility {unknown}
 v - 2 potions of haste {unknown}
 A - 2 potions of flight


   Skills:
 + Level 7.9 Fighting
 + Level 4.2(7.5) Axes
 + Level 5.2(6.0) Maces & Flails
 + Level 8.0(8.5) Polearms
 + Level 10.5 Armour
 + Level 4.2 Dodging
 + Level 1.5 Stealth


You had 8 spell levels left.
You didn't know any spells.
Your spell library contained the following spells:

 Spells                   Type           Power      Damage    Failure   Level
 Animate Skeleton         Necr           0%         N/A       98%         1
 Pain                     Necr           0%         1d4       98%         1
 Ozocubu's Armour         Ice            0%         N/A       100%        3
 Vampiric Draining        Necr           0%         2d6       100%        3
 Ozocubu's Refrigeration  Ice            0%         4d5       100%        7


Dungeon Overview and Level Annotations

Branches:
Dungeon (8/15)             Temple (1/1) D:5         Ossuary (visited)
   Lair: D:8-11

Altars:
Ashenzari
Cheibriados
Dithmenos
Elyvilon
Fedhas
Gozag
Hepliaklqana
Kikubaaqudgha
Makhleb
Nemelex Xobeh
Qazlal
Ru
Sif Muna
Trog
Uskayaw
Vehumet
Wu Jian
Xom
Yredelemnul
Zin
The Shining One

Annotations:
D:5 2 transporters, MiltankisOP's ghost, novice HuFi
D:7 Harold


Innate Abilities, Weirdness & Mutations

You have a pair of horns on your head.
You reflexively headbutt those who attack you in melee.


Message History

You feel yourself slow down. The yak gores you!
Your skin crawls.
You feel strong-willed. The yak gores you but does no damage.
The yak barely misses you. You furiously retaliate!
You headbutt the yak.
The orc wizard casts a spell.
The orc wizard flickers and vanishes!
The yak gores you but does no damage. The yak gores you.
The yak barely misses you.
You see here a yak corpse.
You barely miss the yak. The yak gores you.
The orc priest looks satisfied for a moment.
The yak gores you.
You barely miss the yak. The yak gores you!
* * * LOW HITPOINT WARNING * * *
The yak gores you.
* * * LOW HITPOINT WARNING * * *
Okay, then.
Okay, then.
You feel better. The yak gores you. The yak gores you!
* * * LOW HITPOINT WARNING * * *
The yak gores you but does no damage. The yak closely misses you.
Your skin crawls.
You feel strong-willed. The yak gores you.
* * * LOW HITPOINT WARNING * * *
The yak gores you.
* * * LOW HITPOINT WARNING * * *
You hit the yak.
The yak is lightly wounded.
The yak gores you!
* * * LOW HITPOINT WARNING * * *
The yak barely misses you.
Okay, then.
Unknown command.
Okay, then.
Okay, then.
It was a potion of flight.
You feel very buoyant.
You fly up into the air.
The yak gores you.
You die...

.#......# ...# ####.###
##......###.##.# ##.....#
#..........##.###..###......
#.........>.......#.........
#......#####........##......
##......# #.#.###### #####
#.....### #. #.## ..##..# #.
#.Y######### .....## #.
##@Y..o#...# ......# #.
#####o....# .......##
###...# #####......
..#####...# ......#.###
....Y.....# ##..###...
...YY.#...# .. .#.
....Y.#...# . .. [ .o...
#...# ##


oY... #...# You could see 2 yaks, an orc priest and an orc.

Vanquished Creatures
  4 yaks (D:8)
  Eustachio (D:4)
  Grum (D:8)
  A water moccasin (D:7)
  An orc warrior (D:6)
  A sky beast (D:3)
  2 centaurs (D:6)
  3 wolves (D:8)
  2 ogres
  A phantom (D:6)
  2 kobold brigands
  A bullfrog (D:6)
  3 scorpions
  5 wights
  3 centaur zombies (Ossuary)
  A jelly (D:8)
  5 hounds
  5 orc priests
  Crazy Yiuf (D:4)
  An iguana (D:5)
  Ijyb (D:4)
  4 orc wizards
  A hound skeleton (D:4)
  6 mummies (Ossuary)
  7 gnolls
  3 adders
  3 white imps
  An ufetubus (D:5)
  2 worms
  21 orcs
  4 ball pythons
  6 endoplasms
  2 giant cockroaches (D:3)
  12 goblins
  7 hobgoblins
  3 jackals (D:1)
  12 kobolds
  5 quokkas
  A ball python skeleton (D:3)
  4 bats
  9 frilled lizards
  A hobgoblin zombie (Ossuary)
  7 rats
166 creatures vanquished.

Vanquished Creatures (collateral kills)
  A wolf (D:8)
1 creature vanquished.

Vanquished Creatures (others)
  11 fungi (D:6)
  6 toadstools (D:5)
17 creatures vanquished.

Grand Total: 184 creatures vanquished

Notes
Turn   | Place    | Note
-------+----------+-------------------------------------------
     0 | D:1      | cbfl8 the Minotaur Berserker began the quest for the Orb.
     0 | D:1      | Reached XP level 1. HP: 19/19 MP: 0/0
   362 | D:1      | Reached XP level 2. HP: 18/27 MP: 1/1
   723 | D:1      | Reached ** piety under Trog
   944 | D:1      | Reached XP level 3. HP: 30/33 MP: 2/2
  1078 | D:2      | Reached skill level 1 in Polearms
  1217 | D:2      | Reached skill level 3 in Armour
  1795 | D:3      | Reached XP level 4. HP: 30/41 MP: 3/3
  1967 | D:3      | Found an ornate altar of the Wu Jian Council.
  1968 | D:3      | Found a shimmering altar of Xom.
  2187 | D:3      | Reached *** piety under Trog
  2253 | D:3      | Noticed a sky beast
  2262 | D:3      | Killed a sky beast
  2263 | D:3      | Reached XP level 5. HP: 47/47 MP: 4/4
  2485 | D:4      | Reached skill level 4 in Armour
  2510 | D:4      | Reached XP level 6. HP: 55/55 MP: 5/5
  2617 | D:4      | Noticed Eustachio
  2617 | D:4      | Noticed Ijyb
  2628 | D:4      | Killed Ijyb
  2719 | D:4      | Found a sand-covered staircase.
  2724 | Ossuary  | Entered an ossuary
  2904 | Ossuary  | Reached skill level 5 in Fighting
  2916 | Ossuary  | Reached skill level 1 in Maces & Flails
  2953 | Ossuary  | Reached skill level 5 in Polearms
  3129 | D:4      | Killed Eustachio
  3130 | D:4      | Reached XP level 7. HP: 61/61 MP: 6/6
  3442 | D:4      | Reached skill level 5 in Armour
  3596 | D:4      | Found a runed translucent door.
  3597 | D:4      | Noticed Crazy Yiuf
  3605 | D:4      | Killed Crazy Yiuf
  4006 | D:5      | Entered Level 5 of the Dungeon
  4030 | D:5      | Found a staircase to the Ecumenical Temple.
  4040 | D:5      | Identified the +7 spear "Ponucit" {vorpal, rC+ rCorr}
  4072 | Temple   | Entered the Ecumenical Temple
  4494 | Temple   | Reached skill level 6 in Armour
  4833 | D:5      | Found an ancient bone altar of Kikubaaqudgha.
  4873 | D:5      | Reached XP level 8. HP: 62/67 MP: 7/7
  5052 | D:5      | Reached skill level 1 in Stealth
  5265 | D:5      | Noticed MiltankisOP's ghost (novice HuFi)
  5266 | D:5      | Found a transporter.
  5273 | D:5      | Found a transporter.
  5296 | D:5      | You fall into a shaft and drop 1 floor!
  5296 | D:6      | Found an opulent altar of Gozag.
  5301 | D:6      | Reached skill level 5 in Maces & Flails
  5444 | D:6      | Reached skill level 7 in Armour
  5673 | D:6      | Reached **** piety under Trog
  5771 | D:6      | Identified the ring of Izikh {rF+ rCorr MP+9 Int+3}
  5917 | D:6      | Reached skill level 8 in Armour
  6611 | D:7      | Reached XP level 9. HP: 62/78 MP: 8/8
  6938 | D:7      | Noticed Harold
  6971 | D:8      | Reached skill level 9 in Armour
  7233 | D:8      | Noticed Grum
  7251 | D:8      | Killed Grum
  7597 | D:8      | Reached skill level 10 in Armour
  7619 | D:8      | HP: 1/81 [yak (8)]
  7620 | D:8      | Slain by a yak

Illustrated notes

Levels and vault maps discovered:
D:1:      shiori_arrival_elements, layout_basic
D:2:      layout_rooms, minmay_cupped
D:3:      layout_rooms, jmf_multi_god_temple
D:4:      layout_basic, enter_ossuary_2, uniq_crazy_yiuf_cottage, uniq_ijyb,
          uniq_eustachio
D:5:      layout_cave_pools, mainiacjoe_overflow_catwalk,
          minmay_temple_entry_large_hall, gammafunk_ghost_smash,
          minmay_misc_feat_chi, minmay_gold_behind_fungi
D:6:      layout_loops_ring, nicolae_gozag_seed_capital, serial_aquarium,
          aquarium_bridge_square [aquarium_subvault_bridge,
          aquarium_subvault_bridge, aquarium_subvault_balcony,
          aquarium_subvault_wall], aquarium_window_2, aquarium_window_corner,
          aquarium_view_2b, aquarium_balcony_3b, aquarium_pool_side,
          amethyst_killhole
D:7:      layout_gridville, lemuel_doored_altar, uniq_harold, uniq_menkaure
D:8:      layout_rooms, guppyfry_early_elven_hall, uniq_grum
Temple:   minmay_crystal_spiral_temple

Skill      XL: |  1  2  3  4  5  6  7  8  9 |
---------------+----------------------------+-----
Fighting       | 4 5 6 7 |  7.9
Axes           | 4 |  4.2
Polearms       | 1 3 4 5 6 8 |  8.0
Armour         | 3 4 6 8 10 | 10.5
Dodging        | 3 4 |  4.2
Maces & Flails | 3 4 5 |  5.2
Stealth        | 1 |  1.5

Action                   |  1- 3 |  4- 6 |  7- 9 || total
-------------------------+-------+-------+-------++-------
Melee: Hand axe          |    18 |       |       ||    18
       Headbutt          |    12 |    24 |    30 ||    66
       Trident           |    72 |    57 |       ||   129
       Punch             |       |     1 |     3 ||     4
       Mace              |       |    56 |    19 ||    75
       Spear             |       |       |   183 ||   183
Invok: Berserk           |       |     3 |     5 ||     8
       Trog's Hand       |       |     3 |     9 ||    12
       Brothers in Arms  |       |       |     1 ||     1
  Use: Scroll            |       |     7 |     3 ||    10
       Potion            |       |     1 |     2 ||     3
Armor: Animal skin       |     9 |       |       ||     9
       Scale mail        |    34 |    19 |       ||    53
       Chain mail        |       |    81 |   109 ||   190
Dodge: Dodged            |    47 |   104 |   107 ||   258
